 Dungeon Crawl Stone Soup version 0.28.0-45-g0d030f2227 (webtiles) character file.

Game seed: 16877275471432728695

24 nickcage the Shield-Bearer (level 3, 0/29 HPs)
             Began as a Formicid Fighter on Apr 5, 2022.
             Succumbed to a scorpion's poison
             ... on level 2 of the Dungeon.
             The game lasted 00:02:00 (1027 turns).

nickcage the Shield-Bearer (Formicid Fighter)       Turns: 1027, Time: 00:02:00

Health: 0/29       AC:  6    Str: 22    XL:     3   Next: 15%
Magic:  3/3        EV:  9    Int:  7    God:
Gold:   3          SH:  4    Dex: 10    Spells: 2/2 levels left

rFire   . . .      SeeInvis +   a - +0 long sword
rCold   . . .      Faith    .   c - +0 buckler
rNeg    . . .      Spirit   .   b - +0 scale mail
rPois   .          Reflect  .   (helmet unavailable)
rElec   .          Harm     .   (no cloak)
rCorr   .          Rampage  .   (no gloves)
Will    .....                   (no boots)
Stlth   ..........              (no amulet)
HPRegen 0.09/turn               (no ring)
MPRegen 0.08/turn               (no ring)

@: mighty, lethally poisoned (0 -> -8)
A: permanent stasis, dig shafts and tunnels, antennae 3, four strong arms
a: Dig, Shaft Self


You were on level 2 of the Dungeon.
You visited 1 branch of the dungeon, and saw 2 of its levels.

You collected 3 gold pieces.

Inventory:

Hand Weapons
 a - a +0 long sword (weapon)
Missiles
 f - 3 poisoned darts (quivered)
Armour
 b - a +0 scale mail (worn)
 c - a +0 buckler (worn)
Scrolls
 e - a scroll of teleportation {unknown}
 h - 2 scrolls of identify {unknown}
Potions
 g - a potion of attraction {unknown}


   Skills:
 - Level 3.2 Fighting
 + Level 3.4 Long Blades
 - Level 3.2 Armour
 - Level 3.6 Shields


You had 2 spell levels left.
You didn't know any spells.
Your spell library contained the following spells:

 Spells                   Type           Power      Damage    Failure   Level
 Slow                     Hex            0%         N/A       83%         1
 Confusing Touch          Hex            0%         N/A       99%         3
 Vampiric Draining        Necr           0%         2d6       99%         3


Dungeon Overview and Level Annotations

Branches:
Dungeon (2/15)

Altars:

Annotations:
D:2 Natasha, Sigmund


Innate Abilities, Weirdness & Mutations

You cannot be hasted, slowed, berserked, paralysed or teleported.
You can dig through walls and to a lower floor.
You have a pair of large antennae on your head. (SInv)
Your four strong arms can wield two-handed weapons with a shield.


Message History

You have reached level 3!
Your experience leads to an increase in your attributes!
Increase (S)trength, (I)ntelligence, or (D)exterity?
You feel stronger. x2
You feel sick.
You feel sick.
You slash the frilled lizard!
You kill the frilled lizard!
You feel sick.
Natasha, Servant of Life and Death comes into view.
You feel sick.
You are no longer poisoned.
You closely miss the goblin. You block the goblin's attack.
Natasha mumbles some strange words.
The scorpion stings you. You block the scorpion's attack.
The scorpion stings you but does no damage.
The goblin hits you but does no damage.
You hit the scorpion.
The scorpion is moderately wounded.
The scorpion stings you!
* * * LOW HITPOINT WARNING * * *
The scorpion closely misses you.
You hit the scorpion.
The scorpion is heavily wounded.
You block the scorpion's attack.
You hit the scorpion.
The scorpion is heavily wounded.
The scorpion stings you but does no damage.
The scorpion stings you.
* * * LOW HITPOINT WARNING * * *
You are lethally poisoned!
The scorpion poisons you!
Natasha mumbles some strange words.
You feel very mighty all of a sudden.
* * * LOW HITPOINT WARNING * * *
You feel very sick.
The scorpion stings you but does no damage.
You closely miss the scorpion.
The scorpion is heavily wounded.
You die...

{{ {. ### .#### ...#
... ... ...# ... . #)#
<..# ... ..# ##†# ...#
... ....###{{# #...##
... #.....######....#
[.. ####5gs@..##....##
S.. ##.###........## ##
... #.(#
###.##.....###.. ...
....#####.....##.....#
##.........##...##....#
#.#######.###........#
#< #...#..<...### #.
###......#..#
##..#...#.##


You could see a scorpion, an iron imp (summoned) and a goblin.

Vanquished Creatures
  An adder (D:2)
  2 endoplasms
  3 goblins
  A hobgoblin (D:1)
  A quokka (D:1)
  2 ball pythons (D:1)
  2 frilled lizards (D:2)
  A kobold (D:1)
  3 rats (D:1)
16 creatures vanquished.

Notes
Turn   | Place    | Note
-------+----------+-------------------------------------------
     0 | D:1      | nickcage the Formicid Fighter began the quest for the Orb.
     0 | D:1      | Reached XP level 1. HP: 18/18 MP: 1/1
   429 | D:1      | Reached XP level 2. HP: 20/24 MP: 2/2
   868 | D:2      | Noticed Sigmund
   868 | D:2      | Noticed a scorpion
  1012 | D:2      | Reached XP level 3. HP: 20/29 MP: 3/3
  1014 | D:2      | Noticed Natasha
  1027 | D:2      | Succumbed to a scorpion's poison

Illustrated notes

Levels and vault maps discovered:
D:1:      moated_graveyard_arrival, layout_basic
D:2:      layout_rooms, uniq_jessica, uniq_natasha, uniq_sigmund, uniq_terence

Skill      XL: |  1  2 |
---------------+-------+-----
Long Blades    | 3 |  3.4
Fighting       | |  3.2
Armour         | |  3.2
Shields        | |  3.6

Action                   || total
-------------------------++-------
Melee: Long sword        ||    43
Throw: Dart              ||     1
 Abil: Dig               ||     2
  Use: Potion            ||     1
Armor: Scale mail        ||    16
Dodge: Dodged            ||    11
Block: Buckler           ||    11
